 Dungeon Crawl Stone Soup version 0.28.0-53-g5a82cb258f (webtiles) character file.

Game seed: 5772980839882000193

254 SanguineChosen the Chopper (level 5, -3/48 HPs)
             Began as a Minotaur Berserker on Aug 3, 2022.
             Was a Priest of Trog.
             Slain by Grinder (9 damage)
             ... on level 4 of the Dungeon.
             The game lasted 00:07:47 (3628 turns).

SanguineChosen the Chopper (Minotaur Berserker)     Turns: 3628, Time: 00:07:49

Health: -3/48      AC:  7    Str: 24    XL:     5   Next: 91%
Magic:  4/4        EV: 10    Int:  4    God:    Trog [***...]
Gold:   160        SH:  0    Dex:  9    Spells: 4/4 levels left

rFire   . . .      SeeInvis .   a - +0 hand axe
rCold   . . .      Faith    .   (no shield)
rNeg    . . .      Spirit   .   e - +0 scale mail
rPois   .          Reflect  .   (helmet restricted)
rElec   .          Harm     .   (no cloak)
rCorr   .          Rampage  .   (no gloves)
Will    .....                   (no boots)
Stlth   ..........              (no amulet)
HPRegen 0.16/turn               (no ring)
MPRegen 0.09/turn               (no ring)

@: no status effects
A: horns 2, retaliatory headbutt
a: Renounce Religion, Berserk, Trog's Hand


You were on level 4 of the Dungeon.
You worshipped Trog.
Trog was most pleased with you.
You visited 1 branch of the dungeon, and saw 4 of its levels.

You collected 160 gold pieces.

Inventory:

Hand Weapons
 a - a +0 hand axe (weapon)
 q - a +1 flail of protection
Missiles
 p - 2 poisoned darts (quivered)
Armour
 e - a +0 scale mail (worn)
Wands
 j - a wand of paralysis (11)
Scrolls
 c - 5 scrolls of identify {unknown}
 g - a scroll of holy word {unknown}
 i - a scroll of blinking {unknown}
 k - 2 scrolls of teleportation {unknown}
 l - a scroll of amnesia {unknown}
 n - a scroll of fear {unknown}
 r - a scroll of enchant armour {unknown}
Potions
 b - a potion of might {unknown}
 d - a potion of flight {unknown}
 f - a potion of attraction {unknown}
 h - a potion of ambrosia {unknown}
 m - a potion of heal wounds {unknown}
 o - a potion of degeneration {unknown}


   Skills:
 + Level 5.0 Fighting
 + Level 5.6 Axes
 + Level 4.4 Armour
 + Level 3.0 Dodging


You had 4 spell levels left.
You didn't know any spells.
Your spell library was empty.

Dungeon Overview and Level Annotations

Branches:
Dungeon (4/15)
 Temple: D:4-7

Altars:
Fedhas
Nemelex Xobeh

Annotations:
D:4 Grinder


Innate Abilities, Weirdness & Mutations

You have a pair of horns on your head.
You reflexively headbutt those who attack you in melee.


Message History

Grinder gestures at you.
You suddenly lose the ability to move!
Grinder hits you but does no damage. Grinder hits you.
You writhe in agony.
Grinder hits you but does no damage.
You can move again.
You closely miss Grinder.
Grinder is moderately wounded.
Grinder closely misses you. Grinder hits you but does no damage.
You closely miss Grinder. Your headbutt misses Grinder.
Grinder is moderately wounded.
Grinder barely misses you.
You slash Grinder!
Grinder is heavily wounded.
Grinder says, "I used to sell toenails on the black market."
Grinder gestures at you. Pain shoots through your body! Grinder hits you.
You hit Grinder but do no damage. Your headbutt misses Grinder.
Grinder is heavily wounded.
Grinder closely misses you.
You slash Grinder!
Grinder is severely wounded.
Grinder hits you. Grinder closely misses you.
You barely miss Grinder.
Grinder is severely wounded.
Grinder hits you.
You writhe in agony.
* * * LOW HITPOINT WARNING * * *
You closely miss Grinder. You headbutt Grinder!
Grinder is almost dead.
Grinder hits you.
* * * LOW HITPOINT WARNING * * *
Grinder hits you.
* * * LOW HITPOINT WARNING * * *
You writhe in agony.
* * * LOW HITPOINT WARNING * * *
Aiming: Paralyse
Press: ? - help, Q - select action, (/) - cycle Shift-Dir - straight line, f - Grinder
Aim: Grinder (almost dead, fast, chance to affect: 49%) Grinder resists with some effort.
Grinder hits you!
You die...

...... #.. ...... ##...
...(..#########.....
......5.......#.....
.......⌠........#
.........S......#
###...######†..#.... #.8
####.5.### # #.
##.##.@...#..
#####..)>.........
##....).).......##
##...)###........#
######.....####.........
............# ##.....)..
#######....## .........
##....# ##.......
#.....### ###.....


You could see Grinder (fast).

Vanquished Creatures
  A water moccasin skeleton (D:4)
  An orc priest (D:4)
  Jessica (D:2)
  An orc wizard (D:4)
  Robin (D:3)
  3 adders
  A worm (D:2)
  2 dart slugs (D:1)
  8 orcs
  3 bats (D:1)
  3 endoplasms
  3 giant cockroaches (D:1)
  7 goblins
  3 hobgoblins
  6 jackals (D:1)
  4 quokkas
  7 ball pythons
  8 frilled lizards
  4 kobolds
  A quokka skeleton (D:4)
  10 rats
78 creatures vanquished.

Vanquished Creatures (others)
  6 plants (D:3)
6 creatures vanquished.

Grand Total: 84 creatures vanquished

Notes
Turn   | Place    | Note
-------+----------+-------------------------------------------
     0 | D:1      | SanguineChosen the Minotaur Berserker began the quest for
                  | the Orb.
     0 | D:1      | Reached XP level 1. HP: 19/19 MP: 0/0
    27 | D:1      | Reached XP level 2. HP: 25/27 MP: 1/1
   298 | D:1      | Found a faded altar of an unknown god.
   319 | D:1      | Reached ** piety under Trog
   328 | D:1      | Reached XP level 3. HP: 32/33 MP: 2/2
  1458 | D:2      | Found a blossoming altar of Fedhas.
  1476 | D:2      | Noticed Jessica
  1491 | D:2      | Killed Jessica
  1492 | D:2      | Reached XP level 4. HP: 28/41 MP: 3/3
  1915 | D:3      | Found a sparkling altar of Nemelex Xobeh.
  2694 | D:3      | Noticed Robin
  2699 | D:3      | Killed Robin
  2699 | D:3      | Reached *** piety under Trog
  2700 | D:3      | Reached skill level 5 in Axes
  3176 | D:4      | Reached XP level 5. HP: 47/47 MP: 4/4
  3413 | D:4      | Reached skill level 5 in Fighting
  3595 | D:4      | Noticed Grinder
  3618 | D:4      | Paralysed by Grinder for 3 turns
  3628 | D:4      | Slain by Grinder

Illustrated notes

Levels and vault maps discovered:
D:1:      dpeg_arrival_pits, layout_loops_ring,
          hellmonk_ecumenical_altar_arch_garden
D:2:      layout_loops_corners, basic_altar, uniq_jessica
D:3:      layout_basic, mainiacjoe_overflow_chevrons, minmay_lizard_king,
          uniq_robin
D:4:      layout_cave_pools, minmay_misc_feat_diagonals,
          nicolae_elevator_lobby_asterisk, uniq_duvessa, uniq_grinder,
          uniq_pikel

Skill      XL: |  1  2  3  4  5 |
---------------+----------------+-----
Fighting       | 4 5 |  5.0
Axes           | 4 5 |  5.6
Armour         | 3 4 |  4.4
Dodging        | 3 |  3.0

Action                   |  1- 3 |  4- 6 || total
-------------------------+-------+-------++-------
Melee: Hand axe          |    94 |    92 ||   186
       Headbutt          |    11 |    13 ||    24
       Punch             |     1 |     2 ||     3
Evoke: Wand              |       |     1 ||     1
Armor: Animal skin       |     3 |       ||     3
       Leather armour    |     5 |       ||     5
       Scale mail        |    19 |    33 ||    52
Dodge: Dodged            |    55 |    47 ||   102
